 Dungeon Crawl Stone Soup version 0.30-a0-782-ge64f9170bb (webtiles) character file.

Game seed: 9342876665626286623

1598 Lokkij the Gusty (level 8, -5/53 HPs)
             Began as a Demonspawn Air Elementalist on Feb 22, 2023.
             Was an Initiate of Ru.
             Shot with an arrow by a centaur (12 damage)
             ... on level 7 of the Dungeon.
             The game lasted 00:13:16 (5832 turns).

Lokkij the Gusty (Demonspawn Air Elementalist)      Turns: 5832, Time: 00:13:16

Health: -5/53      AC:  3    Str:  7    XL:     8   Next: 62%
Magic:  9/27       EV: 12    Int: 28    God:    Ru [......]
Gold:   398        SH:  0    Dex: 16    Spells: 11/21 levels left

rFire   . . .      SeeInvis .    i - +1 whip (drain)
rCold   . . .      Faith    .    (no shield)
rNeg    . . .      Spirit   .    a - +0 robe
rPois   .          Reflect  .    (helmet restricted)
rElec   .          Harm     .    (no cloak)
rCorr   .          Rampage  .    B - +0 pair of gloves
Will    .....                    (no boots)
Stlth   ++                       (no amulet)
HPRegen 0.28/turn                n - ring of magical power
MPRegen 0.40/turn                t - +6 ring of intelligence

@: marked, unable to read
A: antennae 2, spiny 1, magic regeneration, demonic touch 1, agile 1, clever 1,
wild magic 1, inability to read after injury 1
a: Renounce Religion


You were on level 7 of the Dungeon.
You worshipped Ru.
Ru was noncommittal.
You visited 2 branches of the dungeon, and saw 8 of its levels.

You collected 398 gold pieces.

Inventory:

Hand Weapons
 d - a +0 mace
 i - a +1 whip of draining (weapon)
Missiles
 u - a throwing net
Armour
 a - a +0 robe (worn)
 g - a +0 scale mail of poison resistance
 v - a +3 leather armour
 B - a +0 pair of gloves (worn)
Jewellery
 c - a +6 ring of dexterity
 m - a ring of protection from cold
 n - a ring of magical power (left hand)
 t - a +6 ring of intelligence (right hand)
Scrolls
 e - a scroll of amnesia {unknown}
 f - 7 scrolls of identify
 h - a scroll of torment {unknown}
 j - 3 scrolls of poison {unknown}
 k - a scroll of blinking
 l - a scroll of enchant weapon {unknown}
 q - 3 scrolls of vulnerability {unknown}
 r - 2 scrolls of fear {unknown}
 y - a scroll of immolation {unknown}
 z - a scroll of acquirement {unknown}
 A - a scroll of magic mapping {unknown}
 C - a scroll of silence {unknown}
Potions
 b - 2 potions of magic
 o - 4 potions of curing {unknown}
 p - a potion of heal wounds {unknown}
 s - 4 potions of attraction {unknown}
 w - 2 potions of resistance {unknown}
 x - 2 potions of flight {unknown}


   Skills:
 - Level 0.5 Fighting
 - Level 1.2 Maces & Flails
 - Level 1.7 Dodging
 - Level 1.7 Stealth
 * Level 7.0 Spellcasting
 - Level 2.1 Conjurations
 + Level 7.4 Air Magic


You had 11 spell levels left.
You knew the following spells:

 Your Spells              Type           Power      Damage    Failure   Level
a - Shock                 Conj/Air       100%       1d9       1%          1
b - Swiftness             Air            61%        N/A       1%          3
c - Airstrike             Air            30%        2d(5-21)  4%          4
d - Static Discharge      Conj/Air       94%        2-6/arc   2%          2

Your spell library contained the following spells:

 Spells                   Type           Power      Damage    Failure   Level
 Ignite Poison            Fire/Tmut/Pois 12%        N/A       22%         3
 Summon Guardian Golem    Hex/Summ       12%        N/A       22%         3
 Sticky Flame             Conj/Fire      20%        2d4       43%         4
 Orb of Destruction       Conj           14%        9d7       100%        7
 Spellforged Servitor     Conj/Summ      10%        N/A       100%        7
 Ignition                 Fire           6%         3d4       100%        8


Dungeon Overview and Level Annotations

Branches:
Dungeon (7/15)             Temple (1/1) D:6

Altars:
Ashenzari
Cheibriados
Dithmenos
Gozag
Kikubaaqudgha
Nemelex Xobeh
Ru
Trog
Wu Jian
Xom
Yredelemnul


Innate Abilities, Weirdness & Mutations

You have a pair of antennae on your head.
You are partially covered in sharp spines.
You regenerate magic rapidly.
Your touch may inflict minor irresistible damage on your foes.
You are agile. (Dex +4, Str/Int -1)
Your mind is acute. (Int +4, Str/Dex -1)
Your spells are a little harder to cast, but a little more powerful.
You occasionally lose the ability to read scrolls when taking damage.


Message History

The arrow hits you!
Casting: Airstrike (dangerous; 4% risk of failure)
Confirm with . or Enter, or press ? or * to list all spells.
Aiming: Airstrike (dangerous; 4% risk of failure)
Press: ? - help, Dir - move target, f/p - centaur
Aim: a centaur, wielding a +0 shortbow (moderately wounded, empty space bonus: 2/8)
The air twists around and strikes the centaur!
You kill the centaur!
A centaur comes into view.
Your Spellcasting skill increases to level 7!
Casting: Airstrike (dangerous; 4% risk of failure)
Confirm with . or Enter, or press ? or * to list all spells.
Aiming: Airstrike (dangerous; 4% risk of failure)
Press: ? - help, Dir - move target, f - centaur
Aim: a centaur (empty space bonus: 2/8)
The air twists around and strikes the centaur!
The centaur is moderately wounded.
The centaur wields a +4 shortbow.
The centaur shoots an arrow.
The arrow hits you.
The centaur shoots an arrow.
The arrow closely misses you.
Casting: Airstrike (dangerous; 4% risk of failure)
Confirm with . or Enter, or press ? or * to list all spells.
Aiming: Airstrike (dangerous; 4% risk of failure)
Press: ? - help, Dir - move target, f/p - centaur
Aim: a centaur, wielding a +4 shortbow (moderately wounded, empty space bonus: 2/8)
The air twists around and strikes the centaur!
The centaur is almost dead.
The centaur shoots an arrow.
The arrow hits you!
* * * LOW HITPOINT WARNING * * *
Casting: Airstrike (dangerous; 4% risk of failure)
Confirm with . or Enter, or press ? or * to list all spells.
Aiming: Airstrike (dangerous; 4% risk of failure)
Press: ? - help, Dir - move target, f/p - centaur
Aim: a centaur, wielding a +4 shortbow (almost dead, empty space bonus: 2/8)
The air twists around and strikes the centaur.
The centaur is almost dead.
The centaur shoots an arrow.
The arrow hits you!
You feel threatened and lose the ability to read scrolls!
* * * LOW HITPOINT WARNING * * *
The centaur shoots an arrow.
The arrow hits you!
You die...

#.....# ###.####
#......##
#.#.#...######.#
#.#.............
#####.###...######.#
...#.###..##
#.###.#.....##
#....@...####
#..##.##.# ...
#.##.# # #..#.#
##.#.# .#.# ....
c###


You could see a centaur.

Vanquished Creatures
  A steam dragon (D:7)
  Eustachio (D:6)
  A water moccasin (D:6)
  An ice beast (D:5)
  An ogre (D:7)
  3 centaurs
  A phantom (D:5)
  A necrophage (D:5)
  A gnoll sergeant (D:7)
  3 wights (D:6)
  2 hounds
  3 jellies
  An iguana (D:6)
  3 orc wizards
  3 gnolls (D:7)
  9 adders
  A white imp (D:6)
  An ufetubus (D:6)
  2 worms (D:2)
  3 dart slugs
  7 orcs
  3 ball pythons
  5 bats
  3 endoplasms
  4 giant cockroaches
  6 goblins
  7 hobgoblins
  5 jackals (D:1)
  4 quokkas
  5 frilled lizards (D:1)
  7 kobolds
  3 rats
101 creatures vanquished.

Notes
Turn   | Place    | Note
-------+----------+-------------------------------------------
     0 | D:1      | Lokkij the Demonspawn Air Elementalist began the quest for
                  | the Orb.
     0 | D:1      | Reached XP level 1. HP: 13/13 MP: 3/3
   189 | D:1      | Discovered your monstrous ancestry.
   189 | D:1      | Gained mutation: You have a pair of small antennae on your
                  | head. [demonic ancestry]
   189 | D:1      | Reached XP level 2. HP: 14/20 MP: 3/5
  1118 | D:2      | Gained mutation: You regenerate magic rapidly. [demonic
                  | ancestry]
  1118 | D:2      | Reached XP level 3. HP: 22/25 MP: 4/6
  1377 | D:2      | Reached skill level 1 in Maces & Flails
  1458 | D:2      | Found a shadowy altar of Dithmenos.
  1683 | D:2      | Gained mutation: You are agile. (Dex +4, Str/Int -1)
                  | [potion of mutation]
  1683 | D:2      | Gained mutation: Your spells are a little harder to cast,
                  | but a little more powerful. [potion of mutation]
  1683 | D:2      | Gained mutation: You occasionally lose the ability to read
                  | scrolls when taking damage. [potion of mutation]
  1683 | D:2      | Gained mutation: Your mind is acute. (Int +4, Str/Dex -1)
                  | [potion of mutation]
  1807 | D:2      | Gained mutation: Your touch may inflict minor irresistible
                  | damage on your foes. [demonic ancestry]
  1807 | D:2      | Reached XP level 4. HP: 25/31 MP: 7/7
  2299 | D:3      | You fall into a shaft and drop 1 floor!
  2379 | D:3      | Learned a level 3 spell: Swiftness
  2384 | D:3      | Learned a level 4 spell: Airstrike
  3116 | D:4      | Reached XP level 5. HP: 36/36 MP: 9/9
  3171 | D:4      | Identified the +2 robe "Ecoclu" {rF+ Str+4}
  3653 | D:5      | Entered Level 5 of the Dungeon
  3670 | D:5      | Noticed a phantom
  3675 | D:5      | Killed a phantom
  3676 | D:5      | Reached XP level 6. HP: 42/42 MP: 11/11
  3916 | D:5      | Learned a level 2 spell: Static Discharge
  3950 | D:5      | Noticed an ice beast
  3958 | D:5      | Killed an ice beast
  3959 | D:5      | Reached skill level 5 in Air Magic
  4029 | D:5      | Gained mutation: You have a pair of antennae on your head.
                  | [demonic ancestry]
  4029 | D:5      | Reached XP level 7. HP: 26/47 MP: 14/14
  4461 | D:6      | Reached skill level 5 in Spellcasting
  4726 | D:6      | Found a stormy altar of Qazlal.
  4728 | D:6      | Found an opulent altar of Gozag.
  4728 | D:6      | Found a shimmering blue altar of Sif Muna.
  4730 | D:6      | Found a shimmering altar of Xom.
  4730 | D:6      | Found an opulent altar of Gozag.
  4730 | D:6      | Found an ornate altar of the Wu Jian Council.
  4788 | D:6      | Noticed Eustachio
  4793 | D:6      | Killed Eustachio
  4794 | D:6      | Gained mutation: You are partially covered in sharp spines.
                  | [demonic ancestry]
  4794 | D:6      | Reached XP level 8. HP: 53/53 MP: 17/17
  4962 | D:6      | Found a staircase to the Ecumenical Temple.
  4967 | Temple   | Entered the Ecumenical Temple
  5058 | Temple   | Became a worshipper of Ru the Awakened
  5832 | D:7      | Shot with an arrow by a centaur

Illustrated notes

Levels and vault maps discovered:
D:1:      spicycebolla_green_bress_n_ham, layout_loops_ring
D:2:      minmay_razor_zed, layout_basic, basic_altar, minmay_surrounded
D:3:      layout_basic, minmay_ruptured
D:4:      layout_basic
D:5:      layout_basic, minmay_misc_feat_rows
D:6:      layout_basic, elyvilon_altar_4, doesnt_xom_only_xom,
          minmay_temple_entry_glassed_door, corexii_checkpoint_a, uniq_eustachio
D:7:      layout_loops_cross, led_sif_book, grunt_temple_overflow_diamond,
          glass_columns_b, minivault_24, minmay_manual_mares
Temple:   nicolae_temple_hex_pool

Skill      XL: |  1  2  3  4  5  6  7  8 |
---------------+-------------------------+-----
Air Magic      | 3 4 5 6 7 |  7.4
Maces & Flails | 1 |  1.2
Conjurations   | 2 |  2.1
Spellcasting   | 3 4 6 7 |  7.0
Fighting       | |  0.5
Dodging        | |  1.7
Stealth        | |  1.7

Action                     |  1- 3 |  4- 6 |  7- 9 || total
---------------------------+-------+-------+-------++-------
  Melee: Mace              |    17 |       |       ||    17
         Whip              |    35 |     4 |     9 ||    48
         Touch             |       |     1 |     1 ||     2
   Cast: Shock             |    52 |    90 |    28 ||   170
         Static Discharge  |       |     2 |     5 ||     7
         Airstrike         |       |     2 |    20 ||    22
    Use: Potion            |     2 |       |       ||     2
         Scroll            |     1 |       |       ||     1
   Stab: Sleeping          |     2 |       |       ||     2
 Armour: Robe              |    14 |     2 |       ||    16
         Skin              |     4 |       |       ||     4
  Dodge: Dodged            |    44 |    18 |    12 ||    74

Table legend: (Time is in decaauts)
 A = Elapsed time spent in this place.
 B = Non-inter-level travel time spent in this place.
 C = Inter-level travel time spent in this place.
 D = Time resting spent in this place.
 E = Time spent auto-exploring this place.
 F = Levels seen in this place.
 G = Mean time per level.
                   A        B        C        D        E       F      G
               +--------+--------+--------+--------+--------+-----+--------+
         Total |   5838 |   5654 |    184 |    830 |   4090 |   8 |  729.8 |
       Dungeon |   5726 |   5562 |    164 |    830 |   4029 |   7 |  818.0 |
        Temple |    112 |     92 |     20 |      0 |     61 |   1 |  112.0 |
               +--------+--------+--------+--------+--------+-----+--------+

Top non-repeatable levels by time:
     D:2: 1267 daAuts
     D:6: 1024 daAuts
     D:1: 955 daAuts
     D:4: 811 daAuts
     D:5: 797 daAuts
     D:3: 624 daAuts
     D:7: 245 daAuts
  Temple: 112 daAuts
